 Dungeon Crawl Stone Soup version 0.18.1-50-g88ac8fd (webtiles) character file.

408 roflturtle the Shield-Bearer (level 7, 0/53 HPs)
             Began as a Formicid Fighter on Oct 20, 2016.
             Succumbed to a killer bee's poison
             ... on level 5 of the Dungeon.
             The game lasted 00:09:44 (2755 turns).

roflturtle the Shield-Bearer (Formicid Fighter)     Turns: 2755, Time: 00:09:45

Health: 0/53       AC:  6    Str: 23    XL:     7   Next: 13%
Magic:  7/7        EV: 15    Int:  7    God:
Gold:   145        SH: 12    Dex: 15    Spells: 0 memorised, 6 levels left

rFire  . . .     SeeInvis +     a - +0 long sword
rCold  . . .     Gourm    .     b - +0 scale mail
rNeg   . . .     Faith    .     c - +1 shield
rPois  .         Spirit   .     (helmet unavailable)
rElec  .         Dismiss  .     (no cloak)
rCorr  .         Reflect  .     (no gloves)
SustAt .         Harm     .     (no boots)
MR     .....                    (no amulet)
Stlth  +.........               (no ring)
                                (no ring)

@: agile, lethally poisoned (0 -> -3), not resistant to hostile enchantments,
very unstealthy
A: permanent stasis, dig shafts and tunnels, four strong arms, antennae 3,
repulsion field 1, screaming 1
a: Dig, Shaft Self


You were on level 5 of the Dungeon.
You were very hungry.

You visited 1 branch of the dungeon, and saw 5 of its levels.

You collected 145 gold pieces.

Inventory:

Hand Weapons
 a - a +0 long sword (weapon)
 e - a +0 flail of protection
 j - a +0 dagger of flaming
 u - a +1 flail of protection
Missiles
 n - 5 javelins (quivered)
Armour
 b - a +0 scale mail (worn)
 c - a +1 shield (worn)
Scrolls
 k - 2 scrolls of teleportation
 m - a scroll of fog {unknown}
 o - 3 scrolls of identify
 p - a scroll of blinking
 q - a scroll of immolation {unknown}
 r - a scroll of noise {unknown}
Potions
 d - a potion of might
 g - 2 potions of flight
Comestibles
 f - 2 bread rations
 l - a beef jerky
 t - a meat ration


   Skills:
 + Level 3.8 Fighting
 - Level 5.5 Long Blades
 - Level 3.2 Armour
 - Level 6.0 Shields


You had 6 spell levels left.
You didn't know any spells.

Dungeon Overview and Level Annotations

Branches:
Dungeon (3/15)

Altars:


Innate Abilities, Weirdness & Mutations

You are under a permanent stasis effect.
You can dig through walls and to a lower floor.
Your four strong arms can wield two-handed weapons with a shield.
You have a pair of large antennae on your head (SInv).
You are surrounded by a mild repulsion field (EV +2).
You occasionally shout uncontrollably at your foes.


Message History

You fall through a shaft!
The shaft crumbles and collapses.
A worm, an orc and an orc wizard come into view.
You shout at the orc wizard!
You feel sick.
The orc wizard shouts!
The orc shouts!
You hear a shout! x3
Found 13 poisoned needles.
Are you sure you want to shaft yourself?
You are feeling very hungry.
The orc wizard casts a spell.
The orc wizard blinks!
You sense a monster nearby. x8
You begin to dig a shaft.
You continue digging a shaft.
The orc wizard gestures at you while chanting.
The magic dart hits you!
* * * LOW HITPOINT WARNING * * *
A shaft appears beneath you!
You fall through a shaft!
The shaft crumbles and collapses.
An adder comes into view.
You die...

# # .##.##
#....$S
..######.......
.......@.....#
#.###.########
#


You could see an adder (sleeping).

Vanquished Creatures
  The ghost of bluepooka the Gusty, an amateur HEAE of Qazlal (D:3)
  A water moccasin zombie (D:3)
  A killer bee (D:3)
  A howler monkey (D:3)
  2 orc wizards (D:3)
  4 adders
  4 gnolls (D:3)
  3 worms
  A dart slug (D:1)
  A giant gecko (D:2)
  4 orcs (D:3)
  A ball python (D:3)
  3 bats
  4 giant cockroaches
  9 goblins
  5 hobgoblins
  4 jackals (D:2)
  7 kobolds
  3 quokkas
  3 giant newts
  2 rats (D:1)
64 creatures vanquished.

Vanquished Creatures (others)
  4 toadstools (D:1)
4 creatures vanquished.

Grand Total: 68 creatures vanquished

Notes
Turn   | Place    | Note
--------------------------------------------------------------
     0 | D:1      | roflturtle the Formicid Fighter began the quest for the Orb.
     0 | D:1      | Reached XP level 1. HP: 18/18 MP: 1/1
   101 | D:1      | Reached skill level 4 in Shields
   131 | D:1      | Reached XP level 2. HP: 24/24 MP: 2/2
   767 | D:1      | Reached XP level 3. HP: 29/29 MP: 3/3
   952 | D:2      | Reached skill level 5 in Shields
  1230 | D:2      | Reached XP level 4. HP: 23/35 MP: 4/4
  1735 | D:3      | Reached skill level 6 in Shields
  1946 | D:3      | Reached XP level 5. HP: 37/41 MP: 5/5
  1967 | D:3      | Noticed bluepooka's ghost (amateur HEAE)
  1994 | D:3      | Reached XP level 6. HP: 24/47 MP: 6/6
  2000 | D:3      | Killed bluepooka's ghost
  2000 | D:3      | Reached skill level 5 in Long Blades
  2467 | D:3      | Reached XP level 7. HP: 39/52 MP: 7/7
  2748 | D:3      | Gained mutation: You are surrounded by a mild repulsion field (EV +2). [potion of mutation]
  2748 | D:3      | Gained mutation: You occasionally shout uncontrollably at your foes. [potion of mutation]
  2752 | D:3      | You fall through a shaft!
  2754 | D:4      | HP: 1/53 [orc wizard/magic dart (4)]
  2755 | D:4      | You fall through a shaft!
  2755 | D:5      | Entered Level 5 of the Dungeon
  2755 | D:5      | Succumbed to a killer bee's poison

Skill      XL: |  1  2  3  4  5  6 |
---------------+-------------------+-----
Shields        | 4 5 6 |  6.0
Long Blades    | 4 5 |  5.5
Fighting       | |  3.8
Armour         | |  3.2

Action                   |  1- 3 |  4- 6 |  7- 9 || total
-------------------------+-------+-------+-------++-------
Melee: Long sword        |   110 |   144 |    29 ||   283
 Abil: Dig               |       |     1 |     1 ||     2
       Shaft Self        |       |       |     2 ||     2
  Use: Scroll            |       |     6 |       ||     6
       Potion            |       |     1 |     2 ||     3
  Eat: Chunk             |     1 |     4 |     1 ||     6
Armor: Scale mail        |    51 |    39 |     7 ||    97
Dodge: Dodged            |    53 |    38 |    21 ||   112
Block: Shield            |    65 |    83 |    31 ||   179
